 Dungeon Crawl Stone Soup version 0.28.0-47-ge53b351184 (webtiles) character file.

Game seed: 6389695805968331209

38 hawla the Scratcher (level 3, 0/15 HPs)
             Began as a Felid Transmuter on May 2, 2022.
             Constricted to death by a ball python (1 damage)
             ... on level 2 of the Dungeon.
             The game lasted 00:03:21 (1403 turns).

hawla the Scratcher (Felid Transmuter)              Turns: 1403, Time: 00:03:22

Health: 0/15       AC:  1    Str:  8    XL:     3   Next: 25%
Magic:  4/7        EV: 14    Int: 14    God:
Gold:   32         SH:  0    Dex: 16    Spells: 4/7 levels left
                                        Lives:  0   Deaths: 0

rFire   . . .      SeeInvis +     - Unarmed
rCold   . . .      Faith    .   (shield unavailable)
rNeg    . . .      Spirit   .   (armour unavailable)
rPois   .          Reflect  .   (helmet unavailable)
rElec   .          Harm     .   (cloak unavailable)
rCorr   .          Rampage  .   (gloves unavailable)
Will    .....                   (boots unavailable)
Stlth   ++........              (no amulet)
HPRegen 0.05/turn               (no ring)
MPRegen 0.10/turn               (no ring)

@: lethally poisoned (0 -> -3), appendages, wereblooded, constricted, quick
A: horns 2, very small, claws 1, fangs 3, see invisible, speed 1, shaggy fur 1,
stealthy paws, no weapons or thrown items, no armour, multi-lived
a: End Transformation


You were on level 2 of the Dungeon.
You had temporarily grown beastly horns.
You visited 1 branch of the dungeon, and saw 2 of its levels.

You collected 32 gold pieces.

Inventory:

Potions
 a - a potion of mutation {unknown}
 b - a potion of cancellation {unknown}
 c - a potion of flight {unknown}


   Skills:
 - Level 1.0 Fighting
 - Level 3.0 Dodging
 - Level 0.4 Stealth
 - Level 3.2 Unarmed Combat
 + Level 2.6 Spellcasting
 + Level 2.9 Transmutations


You had 4 spell levels left.
You knew the following spells:

 Your Spells              Type           Power      Damage    Failure   Level
a - Beastly Appendage     Tmut           20%        N/A       7%          1
b - Wereblood             Tmut           10%        N/A       10%         2

Your spell library contained the following spells:

 Spells                   Type           Power      Damage    Failure   Level
 Spider Form              Tmut/Pois      6%         N/A       36%         3
 Ice Form                 Ice/Tmut       6%         N/A       77%         4


Dungeon Overview and Level Annotations

Branches:
Dungeon (2/15)

Altars:

Shops:
D:1 (


Innate Abilities, Weirdness & Mutations

You have temporarily grown beastly horns.
You have sharp claws.
You have razor-sharp teeth.
You have supernaturally acute eyesight. (SInv)
You cover ground quickly. (Speed+)
You are covered in fur. (AC +1)
Your paws help you pounce on unaware monsters.
You are incapable of wielding weapons or throwing items.
You cannot wear armour.
You gain extra lives every three experience levels.


Message History

Confirm with . or Enter, or press ? or * to list all spells.
You grow a pair of large bovine horns.
A ball python comes into view.
Casting: Beastly Appendage (safe; 7% risk of failure)
Confirm with . or Enter, or press ? or * to list all spells.
Your blood is infused with primal strength.
The ball python hisses angrily.
The adder bites you.
You are poisoned.
The adder poisons you!
You scratch the adder.
The adder is heavily wounded.
You feel sick.
The endoplasm quivers.
The adder misses you. The adder bites you.
You are more poisoned.
The adder poisons you!
You scratch the adder but do no damage.
The adder is heavily wounded.
You feel sick.
The endoplasm jiggles.
The adder closely misses you.
You scratch the adder.
The adder is almost dead.
You feel sick. The adder closely misses you.
The ball python closely misses you. The ball python grabs you.
The ball python constricts you.
You closely miss the adder. You bite the adder, but do no damage.
The adder is almost dead.
* * * LOW HITPOINT WARNING * * *
You feel sick. The adder barely misses you. The endoplasm barely misses you.
The ball python misses you. The ball python constricts you.
You scratch the adder.
The adder is almost dead.
* * * LOW HITPOINT WARNING * * *
You feel sick. The adder bites you.
* * * LOW HITPOINT WARNING * * *
The endoplasm barely misses you. The ball python barely misses you.
The ball python constricts you.
You die...

#######.....
........... ##
...........?....
........<. .....
.........##....
.....(.......###
......SS........
......J@........
................
......##.†......
...... #........
.....
#.....^......
..###
#............ .
#............
#.###........
#...#.......


You could see an adder, an endoplasm and a ball python.

Vanquished Creatures
  An adder (D:2)
  2 bats
  2 endoplasms (D:1)
  9 giant cockroaches
  3 goblins
  A hobgoblin (D:1)
  A quokka (D:1)
  3 ball pythons (D:1)
  A frilled lizard (D:1)
  2 rats (D:1)
25 creatures vanquished.

Notes
Turn   | Place    | Note
-------+----------+-------------------------------------------
     0 | D:1      | hawla the Felid Transmuter began the quest for the Orb.
     0 | D:1      | Reached XP level 1. HP: 9/9 MP: 4/4
   554 | D:1      | Reached XP level 2. HP: 7/12 MP: 4/6
   659 | D:1      | Learned a level 2 spell: Wereblood
  1065 | D:1      | Found Nurcheull's Weapon Boutique.
  1150 | D:2      | Reached XP level 3. HP: 15/15 MP: 3/7
  1249 | D:2      | Found a faded altar of an unknown god.
  1403 | D:2      | Constricted to death by a ball python

Illustrated notes

Levels and vault maps discovered:
D:1:      sevenhm_arrival_forest_fort_large_4, layout_loops_ring, serial_shops,
          nicolae_shop_bloodbath_and_beyond, minmay_worlds_worst_comb
D:2:      layout_basic, basic_ecumenical_altar, basic_altar

Skill      XL: |  1 |
---------------+----+-----
Dodging        | 3 |  3.0
Fighting       | |  1.0
Stealth        | |  0.4
Unarmed Combat | |  3.2
Spellcasting   | |  2.6
Transmutations | |  2.9

Action                   || total
-------------------------++-------
Melee: Unarmed           ||    68
       Bite              ||     5
       Headbutt          ||     4
       Punch             ||     1
 Cast: Beastly Appendage ||    13
       Wereblood         ||     2
 Stab: Sleeping          ||     4
       Distracted        ||     1
Armor: Skin              ||     6
Dodge: Dodged            ||    60
